 Dungeon Crawl Stone Soup version 0.21-a0-13-g3fd62ac (webtiles) character file.

114 tof the Covered (level 4, -6/38 HPs)
             Began as a Barachi Fighter on May 23, 2017.
             Mangled by a gnoll
             ... wielding a +0 halberd
              (8 damage)
             ... on level 2 of the Dungeon.
             The game lasted 00:03:59 (1703 turns).

tof the Covered (Barachi Fighter)                   Turns: 1703, Time: 00:04:00

Health: -6/38      AC: 10    Str: 17    XL:     4   Next: 98%
Magic:  4/4        EV:  4    Int:  9    God:
Gold:   83         SH:  0    Dex: 12    Spells: 3/3 levels left

rFire    . . .     SeeInvis .   a - +0 war axe
rCold    . . .     Gourm    .   c - +0 shield
rNeg     . . .     Faith    .   n - +1 chain mail {rPois}
rPois    +         Spirit   .   (no helmet)
rElec    .         Reflect  .   (no cloak)
rCorr    .         Harm     .   (no gloves)
MR       .....                  (no boots)
Stlth    ..........             (no amulet)
Regen    0.2/turn               (no ring)
MPRegen  0.1/turn               (no ring)

@: confused, slow
A: +LOS, swims, slowness 1, strong legs 1
a: Hop


You were on level 2 of the Dungeon.
You were very hungry.

You visited 1 branch of the dungeon, and saw 3 of its levels.

You collected 83 gold pieces.

Inventory:

Hand Weapons
 a - a +0 war axe (weapon)
Armour
 c - a +0 shield (worn)
 n - a +1 chain mail of poison resistance (worn)
Scrolls
 e - a scroll of amnesia {unknown}
 i - a scroll of teleportation {unknown}
 m - 3 scrolls of identify {unknown}
 o - a scroll of random uselessness {unknown}
 s - a scroll of blinking {unknown}
 t - a scroll of magic mapping {unknown}
 u - a scroll of remove curse {unknown}
 v - a scroll of enchant weapon {unknown}
Potions
 d - a potion of might
 h - a potion of lignification {unknown}
 j - a potion of degeneration {unknown}
 k - 2 potions of brilliance {unknown}
 l - a potion of agility {unknown}
 p - a potion of flight {unknown}
 q - 2 potions of mutation {unknown}
Comestibles
 f - a bread ration
 g - a meat ration
 r - a royal jelly


   Skills:
 * Level 4.6 Fighting
 * Level 3.6 Axes
 * Level 4.9 Armour
 - Level 3.3 Shields


You had 3 spell levels left.
You didn't know any spells.

Dungeon Overview and Level Annotations

Branches:
Dungeon (3/15)

Altars:


Innate Abilities, Weirdness & Mutations

Shadows flee at your approach. (+LOS)
You can swim through water.
You cover ground slowly.
You can hop short distances.


Message History

You resist with some effort. The orc hits you with a club.
The orc hits you but does no damage.
Found a robe.
The orc wizard casts a spell at you. The magic dart hits you!
The orc wizard casts a spell.
The orc wizard blinks!
There is a stone staircase leading up here.
The orc wizard gestures at you while chanting.
You are confused.
The gnoll hits you from afar with a halberd.
* * * LOW HITPOINT WARNING * * *
You climb upwards.
The gnoll hits you with a halberd.
* * * LOW HITPOINT WARNING * * *
There is a stone staircase leading down, spattered with blood here.
You barely miss the gnoll. You miss the orc wizard.
The orc wizard hits you with a dagger.
* * * LOW HITPOINT WARNING * * *
The gnoll hits you with a halberd!
You die...

#....####.##.# #..........#
#....# #..#.# #.[....#####
#....#####.#.# #......#
#....)..##.#.# ####.####
###.....##.#[# #....######
#######.....##...######....)....g
...........................######
#######.....###.......#..........
#..........@o....#....#.####
#.########.g.....#....#..... #.#
#.......###.#...##. #.# #####...#
#.#.#.#<. #.# ##### #.#.#.#.# #.#
#.#.#.#.# #.# #.#.#.#.# #.#
#.#.#.#.# #.# #.#.#.#..


You could see an orc wizard and a gnoll.

Vanquished Creatures
  Robin (D:2)
  3 adders (D:2)
  2 gnolls (D:2)
  2 oozes
  A worm (D:2)
  2 dart slugs (D:1)
  3 leopard geckos (D:1)
  An orc (D:3)
  4 bats
  2 giant cockroaches (D:2)
  8 goblins
  3 hobgoblins (D:2)
  2 jackals (D:2)
  2 kobolds
  A ball python (D:2)
  A frilled lizard (D:1)
  A rat (D:3)
39 creatures vanquished.

Vanquished Creatures (others)
  4 toadstools (D:1)
4 creatures vanquished.

Grand Total: 43 creatures vanquished

Notes
Turn   | Place    | Note
-------+----------+-------------------------------------------
     0 | D:1      | tof the Barachi Fighter began the quest for the Orb.
     0 | D:1      | Reached XP level 1. HP: 18/18 MP: 1/1
     9 | D:1      | Reached XP level 2. HP: 18/25 MP: 2/2
   419 | D:1      | Reached XP level 3. HP: 30/30 MP: 3/3
   726 | D:2      | Noticed Robin
   744 | D:2      | Killed Robin
   979 | D:2      | Reached XP level 4. HP: 37/37 MP: 4/4
  1703 | D:2      | Mangled by a gnoll

Vault maps used:
D:1:      ldierk_walled_garden_2, nrook_mini_vaults, serial_bayou_ford_a
D:2:      kennysheep_minor_cross, uniq_robin
D:3:      uniq_crazy_yiuf_cottage

Skill      XL: |  1  2  3 |
---------------+----------+-----
Armour         | 4 |  4.9
Fighting       | 4 |  4.6
Axes           | 3 |  3.6
Shields        | |  3.3

Action                   |  1- 3 |  4- 6 || total
-------------------------+-------+-------++-------
Melee: War axe           |    80 |    57 ||   137
 Abil: Hop               |     2 |     1 ||     3
  Eat: Chunk             |     1 |     1 ||     2
Armor: Scale mail        |    20 |       ||    20
       Chain mail        |    21 |    42 ||    63
Dodge: Dodged            |    30 |    16 ||    46
Block: Shield            |    60 |    54 ||   114
